 Dungeon Sprint DCSS version 0.20.1-1-g8b1a95d (console) character file.

13262 hilaritas the Warrior (level 11, 0/124 HPs)
             Began as a Black Draconian Gladiator on July 28, 2017.
             Was a High Priest of Okawaru.
             Slain by an orc knight
             ... wielding a +0 battleaxe
              (22 damage)
             ... in the Dungeon (Sprint IX: "|||||||||||||||||||||||||||||").
             The game lasted 00:08:12 (2488 turns).

hilaritas the Warrior (Black Draconian Gladiator)   Turns: 2488, Time: 00:08:12

Health: 0/124      AC: 10    Str: 16    XL:     11   Next: 73%
Magic:  14/19      EV: 39    Int:  8    God:    Okawaru [*****.]
Gold:   1273       SH:  0    Dex: 25    Spells: 10/10 levels left

rFire    . . .     SeeInvis .   r - +2 scimitar (holy)
rCold    . . .     Gourm    .   (no shield)
rNeg     . . .     Faith    .   (armour unavailable)
rPois    .         Spirit   .   b - +0 hat
rElec    +         Reflect  .   D - +0 cloak
rCorr    .         Harm     .   E - +0 pair of gloves
MR       .....     NoTele   +   k - +0 pair of boots
Stlth    +++++.....             (no amulet)
Regen    0.3/turn               s - +2 ring of evasion
MPRegen  0.2/turn               t - +3 ring of dexterity

@: agile, heroism, finesse, berserk cooldown, slowed, very slow
A: breathe lightning, unfitting armour, electricity resistance, cold-blooded, AC
+7
a: Breathe Lightning, Heroism, Finesse, Renounce Religion


You were in the Dungeon.
You worshipped Okawaru.
Okawaru was extremely pleased with you.
You were hungry.

You visited 1 branch You collected 1273 gold pieces.

Inventory:

Hand Weapons
 r - a +2 scimitar of holy wrath (weapon)
 F - a +0 scimitar of flaming
Missiles
 a - 4 steel tomahawks
 c - 3 throwing nets (quivered)
Armour
 b - a +0 hat (worn)
 k - a +0 pair of boots (worn)
 D - a +0 cloak (worn)
 E - a +0 pair of gloves (worn)
Jewellery
 s - a +2 ring of evasion (left hand)
 t - a +3 ring of dexterity (right hand)
Wands
 p - a wand of iceblast (7/15)
Scrolls
 j - 2 scrolls of blinking
 n - 3 scrolls of remove curse
 o - 2 scrolls of amnesia
 x - 2 scrolls of identify
 y - 2 scrolls of enchant armour
 z - 2 scrolls of fog
 A - 3 scrolls of recharging
Potions
 e - 3 potions of curing
 f - a potion of brilliance
 g - a potion of haste
 h - 4 potions of magic
 l - a potion of invisibility
 u - a potion of resistance
 v - 2 potions of might
 w - a potion of berserk rage
Comestibles
 d - 13 bread rations
 B - 13 meat rations
 C - 40 fruits


   Skills:
 * Level 19.9(24.9) Fighting
 - Level 14.0(19.0) Long Blades
 - Level 1.7(6.7) Throwing
 + Level 13.4(18.4) Dodging
 + Level 10.9 Invocations


You had 10 spell levels left.
You didn't know any spells.

Dungeon Overview and Level Annotations

Branches:
Dungeon (1/1)

Altars:
Cheibriados
Dithmenos
Elyvilon
Fedhas
Gozag
Hepliaklqana
Kikubaaqudgha
Makhleb
Nemelex Xobeh
Okawaru
Qazlal
Ru
Sif Muna
Trog
Uskayaw
Vehumet
Xom
Yredelemnul
Zin
The Shining One
Beogh
Jiyva
Lugonu

Shops:
D *((


Innate Abilities, Weirdness & Mutations

You can breathe wild blasts of lightning.
Your glossy black scales are hard. (AC +7)
You cannot fit into any form of body armour.
You are resistant to electric shocks. (rElec)
You are cold-blooded and may be slowed by cold attacks.


Message History

The orc knight is lightly wounded.
You hit the orc knight.
The orc knight is lightly wounded.
The orc knight roars a battlecry!
The orc warrior goes into a battle-frenzy!
The orc warrior completely misses you.
You hit the orc knight but do no damage.
The orc knight is lightly wounded.
You barely miss the orc knight.
The orc knight is lightly wounded.
The orc knight misses you. The orc warrior completely misses you.
You barely miss the orc knight. You punch the orc knight!
The orc knight is moderately wounded.
You closely miss the orc knight.
Your tail-slap misses the orc knight.
The orc knight is moderately wounded.
You hit the orc knight but do no damage.
You tail-slap the orc knight.
The orc knight is moderately wounded.
The orc knight hits you with a battleaxe!!
You die...

▓▓▓▓▓▓▓▓▓▓▓▓▓▓▓▓▓▓▓▓▓▓▓▓
.∩.∩ooo@))))......))))))
▓▓▓▓▓▓▓▓▓▓▓▓▓▓▓▓▓▓▓▓▓▓▓▓▓▓▓▓▓▓▓▓▓
.........................).......
▓▓▓▓▓▓▓▓▓▓▓▓▓▓▓▓▓▓▓▓▓▓▓▓▓▓▓▓▓▓▓▓▓
[[....'!(..........÷.........÷...
▓▓▓▓▓▓▓▓▓▓▓▓▓▓▓▓▓▓▓▓▓▓▓▓▓▓▓▓▓▓▓▓▓
.................................
▓▓▓▓▓▓▓▓▓▓▓▓▓▓▓▓▓▓▓▓▓▓▓▓▓▓▓▓▓▓▓▓▓
..).....)'..[.[)|..'____.________


You could see an orc knight and 2 orc warriors.

Vanquished Creatures
  A hydra (D)
  Erica (D)
  9 orc knights (D)
  A manticore (D)
  2 orc sorcerers (D)
  4 spiny frogs (D)
  2 rime drakes (D)
  2 komodo dragons (D)
  A kobold demonologist (D)
  A rime drake (shapeshifter) (D)
  2 tyrant leeches (D)
  A blink frog (D)
  2 hippogriffs (D)
  A wraith (D)
  2 yaks (D)
  2 vampire mosquitoes (D)
  6 water moccasins (D)
  10 orc warriors (D)
  A black bear (D)
  An ice beast (D)
  2 ogres (D)
  A centaur (D)
  2 crocodiles (D)
  A bullfrog (D)
  A killer bee (D)
  2 crimson imps (D)
  2 orc priests (D)
  6 orc wizards (D)
  An iguana (D)
  A gnoll (D)
  A leopard gecko (D)
  6 orcs (D)
  A bat (D)
  A bat skeleton (D)
  A goblin (D)
  2 hobgoblins (D)
  A kobold (D)
84 creatures vanquished.

Notes
Turn   | Place    | Note
-------+----------+-------------------------------------------
     0 | D        | hilaritas the Draconian Gladiator began the quest for the Orb.
     0 | D        | Reached XP level 1. HP: 17/17 MP: 1/1
   202 | D        | Noticed a centaur
   202 | D        | Noticed a crimson imp
   202 | D        | Noticed a crimson imp
   202 | D        | Noticed an iguana
   207 | D        | Killed a crimson imp
   207 | D        | Reached XP level 2. HP: 17/24 MP: 2/2
   207 | D        | Reached XP level 3. HP: 21/29 MP: 3/3
   217 | D        | Reached XP level 4. HP: 36/36 MP: 4/4
   221 | D        | Killed a centaur
   221 | D        | Reached skill level 10 in Long Blades
   221 | D        | Reached XP level 5. HP: 40/41 MP: 5/5
   226 | D        | Reached skill level 3 in Fighting
   236 | D        | Found a roughly hewn altar of Beogh.
   236 | D        | Found a snail-covered altar of Cheibriados.
   236 | D        | Found a shadowy altar of Dithmenos.
   236 | D        | Found a white marble altar of Elyvilon.
   236 | D        | Found a blossoming altar of Fedhas.
   236 | D        | Found an opulent altar of Gozag.
   237 | D        | Found a hazy altar of Hepliaklqana.
   238 | D        | Found a viscous altar of Jiyva.
   239 | D        | Found an ancient bone altar of Kikubaaqudgha.
   240 | D        | Found a corrupted altar of Lugonu.
   241 | D        | Found a burning altar of Makhleb.
   242 | D        | Found a sparkling altar of Nemelex Xobeh.
   243 | D        | Found an iron altar of Okawaru.
   252 | D        | Found a stormy altar of Qazlal.
   253 | D        | Found a sacrificial altar of Ru.
   254 | D        | Found a deep blue altar of Sif Muna.
   255 | D        | Found a bloodstained altar of Trog.
   256 | D        | Found a hide-covered altar of Uskayaw.
   257 | D        | Found a radiant altar of Vehumet.
   259 | D        | Became a worshipper of Warmaster Okawaru
   260 | D        | Found a shimmering altar of Xom.
   261 | D        | Found a basalt altar of Yredelemnul.
   262 | D        | Found a glowing silver altar of Zin.
   263 | D        | Found a glowing golden altar of the Shining One.
   308 | D        | Noticed an ice beast
   308 | D        | Noticed an ogre
   308 | D        | Noticed a yak
   313 | D        | Killed a yak
   313 | D        | Reached skill level 6 in Fighting
   313 | D        | Reached skill level 5 in Dodging
   313 | D        | Reached XP level 6. HP: 48/57 MP: 5/9
   317 | D        | Reached skill level 7 in Fighting
   321 | D        | Killed an ice beast
   321 | D        | Reached * piety under Okawaru
   321 | D        | Reached skill level 5 in Invocations
   322 | D        | Your scales start taking on a glossy black colour.
   322 | D        | Reached XP level 7. HP: 57/67 MP: 5/11
   322 | D        | Gained mutation: You are resistant to electric shocks. (rElec) [Black Draconian growth]
   455 | D        | Noticed a manticore
   455 | D        | Noticed a wraith
   455 | D        | Noticed a rime drake
   455 | D        | Noticed a kobold demonologist
   461 | D        | Killed a kobold demonologist
   461 | D        | Reached skill level 9 in Fighting
   467 | D        | Killed a rime drake
   467 | D        | Reached ** piety under Okawaru
   467 | D        | Reached skill level 10 in Fighting
   467 | D        | Reached XP level 8. HP: 79/79 MP: 10/14
   485 | D        | Killed a manticore
   485 | D        | Reached skill level 10 in Dodging
   485 | D        | Reached skill level 10 in Invocations
   750 | D        | Noticed a rime drake
   750 | D        | Noticed a hippogriff
   757 | D        | Noticed a five-headed hydra
   762 | D        | Reached XP level 9. HP: 86/86 MP: 14/16
   769 | D        | Reached *** piety under Okawaru
   780 | D        | Killed a five-headed hydra
   780 | D        | Reached skill level 11 in Fighting
   784 | D        | Killed a rime drake
   793 | D        | Reached skill level 12 in Fighting
   897 | D        | Noticed a spiny frog
   897 | D        | Noticed a komodo dragon
   897 | D        | Noticed a komodo dragon
   900 | D        | Noticed a rime drake
   910 | D        | Killed a komodo dragon
   910 | D        | Reached **** piety under Okawaru
   916 | D        | Noticed a spiny frog
   920 | D        | Killed a komodo dragon
   920 | D        | Reached skill level 13 in Fighting
   920 | D        | Reached XP level 10. HP: 32/101 MP: 17/17
   926 | D        | Killed a spiny frog
   936 | D        | Reached skill level 14 in Fighting
   944 | D        | Killed a spiny frog
   944 | D        | Reached ***** piety under Okawaru
  1285 | D        | Noticed a spiny frog
  1286 | D        | Noticed a spiny frog
  1307 | D        | Reached skill level 15 in Fighting
  1314 | D        | Killed a spiny frog
  1319 | D        | Killed a spiny frog
  1324 | D        | Reached skill level 16 in Fighting
  1742 | D        | Noticed Erica
  1754 | D        | Killed Erica
  1812 | D        | Noticed an orc knight
  1836 | D        | Killed an orc knight
  1836 | D        | Reached XP level 11. HP: 114/116 MP: 18/18
  1846 | D        | Reached skill level 17 in Fighting
  1979 | D        | Noticed an orc sorcerer
  1979 | D        | Noticed an orc sorcerer
  1981 | D        | Killed an orc sorcerer
  1983 | D        | Noticed an orc knight
  1995 | D        | Killed an orc sorcerer
  1996 | D        | Noticed an orc knight
  2009 | D        | Killed an orc knight
  2015 | D        | Reached skill level 18 in Fighting
  2035 | D        | Killed an orc knight
  2395 | D        | Found Lifukh's Weapon Boutique.
  2395 | D        | Noticed an orc knight
  2395 | D        | Noticed an orc knight
  2395 | D        | Noticed an orc knight
  2397 | D        | Noticed an orc knight
  2406 | D        | Killed an orc knight
  2406 | D        | Received a gift from Okawaru
  2407 | D        | Noticed an orc knight
  2420 | D        | Killed an orc knight
  2428 | D        | Killed an orc knight
  2428 | D        | Reached skill level 19 in Fighting
  2441 | D        | Killed an orc knight
  2442 | D        | Found Kesob's Antique Weapon Shop.
  2447 | D        | Noticed an orc knight
  2448 | D        | Killed an orc knight
  2457 | D        | HP: 9/186 [orc warrior/battleaxe (9)]
  2458 | D        | Received a gift from Okawaru
  2459 | D        | Found Sydd's Assorted Antiques.
  2464 | D        | Noticed an orc knight
  2479 | D        | Killed an orc knight
  2488 | D        | Slain by an orc knight

Skill      XL: |  1  2  3  4  5  6  7  8  9 10 11 |
---------------+----------------------------------+-----
Long Blades    | 7 8 10 11 14 | 14.0
Fighting       | 6 7 10 13 16 19 | 19.9
Dodging        | 5 7 8 10 11 12 13 | 13.4
Invocations    | 4 5 8 10 | 10.9
Throwing       | |  1.7

Action                   |  1- 3 |  4- 6 |  7- 9 | 10-12 || total
-------------------------+-------+-------+-------+-------++-------
Melee: Long sword        |    22 |     8 |       |       ||    30
       Tailslap          |     5 |     7 |    26 |    61 ||    99
       Scimitar          |       |    11 |    83 |   235 ||   329
       Punch             |       |       |     4 |     9 ||    13
       Rapier            |       |       |     6 |       ||     6
Invok: Heroism           |       |       |     3 |     6 ||     9
       Finesse           |       |       |       |     2 ||     2
 Abil: Breathe Lightning |       |       |     2 |     4 ||     6
  Use: Potion            |     1 |     1 |       |     6 ||     8
  Eat: Chunk             |       |       |       |     6 ||     6
Armor: Skin              |     3 |     2 |     8 |    10 ||    23
Dodge: Dodged            |    21 |    14 |    70 |   139 ||   244
       Rpst.: Long sword |     8 |     4 |       |       ||    12
       Scimitar          |       |     4 |    11 |    32 ||    47
